 Dungeon Crawl Stone Soup version 0.24.0-41-g2ae2f7f1be (webtiles) character file.

Game seed: 17813281815246062173, levelgen mode: deterministic

151 Goreval the Charmwright (level 5, 0/43 HPs)
             Began as a Gnoll Skald on Dec 13, 2019.
             Slain by an orc priest
             ... wielding a +0 whip
              (3 damage)
             ... on level 3 of the Dungeon.
             The game lasted 00:04:54 (3161 turns).

Goreval the Charmwright (Gnoll Skald)               Turns: 3161, Time: 00:04:55

Health: 0/43       AC:  3    Str: 14    XL:     5   Next: 33%
Magic:  8/12       EV: 14    Int: 16    God:
Gold:   193        SH:  0    Dex: 14    Spells: 3/14 levels left

rFire    . . .     SeeInvis .   p - +4 mace
rCold    . . .     Gourm    .   (no shield)
rNeg     . . .     Faith    .   b - +0 leather armour
rPois    .         Spirit   .   (no helmet)
rElec    .         Reflect  .   (no cloak)
rCorr    .         Harm     .   (no gloves)
MR       .....                  (no boots)
Stlth    ++........             (no amulet)
HPRegen  1.14/turn              m - ring of wizardry
MPRegen  0.13/turn              (no ring)

@: infused, regenerating
A: distributed training, fangs 1, strong nose
a: no special abilities


You were on level 3 of the Dungeon.
You were not hungry.

You visited 1 branch of the dungeon, and saw 3 of its levels.

You collected 193 gold pieces.

Inventory:

Hand Weapons
 a - a +0 spear
 p - a +4 mace (weapon)
 q - a +2 whip of electrocution
 r - a +2 dagger of venom
Armour
 b - a +0 leather armour (worn)
Jewellery
 m - a ring of wizardry (left hand)
Wands
 s - a wand of digging (5)
Scrolls
 c - 2 scrolls of blinking {unknown}
 h - 2 scrolls of enchant armour {unknown}
 j - 3 scrolls of identify {unknown}
 k - a scroll of enchant weapon {unknown}
 l - a scroll of fog {unknown}
 o - a scroll of teleportation {unknown}
Potions
 e - a potion of berserk rage {unknown}
 g - a potion of heal wounds {unknown}
 i - 2 potions of flight {unknown}
 n - a potion of resistance {unknown}
 t - a potion of brilliance {unknown}
Comestibles
 d - 6 rations
 f - 11 chunks of flesh


   Skills:
 + Level 4.7 Fighting
 + Level 1.4 Short Blades
 + Level 1.4 Long Blades
 + Level 1.4 Axes
 + Level 1.4 Maces & Flails
 + Level 4.7 Polearms
 + Level 1.4 Staves
 + Level 1.4 Slings
 + Level 1.4 Bows
 + Level 1.4 Crossbows
 + Level 1.4 Throwing
 + Level 2.9 Armour
 + Level 4.7 Dodging
 + Level 1.4 Stealth
 + Level 1.4 Shields
 + Level 1.4 Unarmed Combat
 + Level 5.2 Spellcasting
 + Level 1.1 Conjurations
 + Level 1.1 Hexes
 + Level 5.5 Charms
 + Level 1.1 Summonings
 + Level 1.1 Necromancy
 + Level 1.1 Translocations
 + Level 1.1 Transmutations
 + Level 1.1 Fire Magic
 + Level 1.1 Ice Magic
 + Level 1.1 Air Magic
 + Level 1.1 Earth Magic
 + Level 1.1 Poison Magic
 + Level 1.6 Invocations
 + Level 1.4 Evocations


You had 3 spell levels left.
You knew the following spells:

 Your Spells              Type           Power        Failure   Level  Hunger
a - Infusion              Chrm           ###.         1%          1    None
b - Shroud of Golubria    Chrm/Tloc      ##....       2%          2    #......
c - Song of Slaying       Chrm           ###.....     1%          2    #......
d - Regeneration          Chrm/Necr      ##........   6%          3    ###....
z - Spectral Weapon       Hex/Chrm       ##......     6%          3    ###....

Your spell library contained the following spells:

 Spells                   Type           Power        Failure   Level  Hunger


Dungeon Overview and Level Annotations

Branches:
Dungeon (3/15)

Altars:
Ashenzari


Innate Abilities, Weirdness & Mutations

Your experience applies equally to all skills.
You have very sharp teeth.
Your uncanny sense of smell can sniff out nearby items.


Message History

The orc wizard mumbles some strange words.
The orc wizard blinks!
Unknown command.
You barely miss the orc priest.
The orc wizard casts a spell.
The orc wizard blinks!
The orc priest mumbles some strange prayers to Beogh against you.
Beogh smites you!
* * * LOW HITPOINT WARNING * * *
You barely miss the orc priest.
The orc wizard casts a spell.
The orc wizard blinks!
The orc priest hits you with a +0 whip.
* * * LOW HITPOINT WARNING * * *
Unknown command.
Okay, then.
Your skin crawls.
The orc priest misses you.
You closely miss the orc priest. The orc priest hits you with a +0 whip.
* * * LOW HITPOINT WARNING * * *
The orc priest hits you with a +0 whip.
You die...

......#
.$....#
......#
......#
......#
##.####
############
#.o.oo@)..!#
#ยง########.#
#.# #.#
####.#### ##
#.......#
..####
#.##.##.# #
#...######
#.##.# .#
##.......#
#.##.#


You could see 2 orc priests and an orc wizard.

Vanquished Creatures
  An orc priest (D:3)
  Ijyb (D:3)
  An adder (D:2)
  2 worms (D:2)
  3 dart slugs
  2 leopard geckos
  9 orcs
  7 bats
  A giant cockroach (D:3)
  3 goblins
  11 hobgoblins
  5 jackals (D:1)
  4 frilled lizards
  5 kobolds
  12 rats
67 creatures vanquished.

Notes
Turn   | Place    | Note
-------+----------+-------------------------------------------
     0 | D:1      | Goreval the Gnoll Skald began the quest for the Orb.
     0 | D:1      | Reached XP level 1. HP: 20/20 MP: 6/6
   293 | D:1      | Reached XP level 2. HP: 26/26 MP: 1/7
   752 | D:1      | Reached XP level 3. HP: 31/31 MP: 5/9
   826 | D:1      | Reached skill level 5 in Spellcasting
  1070 | D:1      | Learned a level 3 spell: Spectral Weapon
  1073 | D:1      | Learned a level 2 spell: Shroud of Golubria
  1076 | D:1      | Learned a level 2 spell: Song of Slaying
  1080 | D:1      | Learned a level 3 spell: Regeneration
  1303 | D:2      | Reached skill level 1 in Invocations
  1657 | D:2      | Reached skill level 1 in Short Blades
  1657 | D:2      | Reached skill level 1 in Long Blades
  1657 | D:2      | Reached skill level 1 in Axes
  1657 | D:2      | Reached skill level 1 in Maces & Flails
  1657 | D:2      | Reached skill level 1 in Staves
  1657 | D:2      | Reached skill level 1 in Slings
  1657 | D:2      | Reached skill level 1 in Bows
  1657 | D:2      | Reached skill level 1 in Crossbows
  1657 | D:2      | Reached skill level 1 in Throwing
  1657 | D:2      | Reached skill level 1 in Stealth
  1657 | D:2      | Reached skill level 1 in Shields
  1657 | D:2      | Reached skill level 1 in Unarmed Combat
  1657 | D:2      | Reached skill level 1 in Evocations
  2069 | D:2      | Reached XP level 4. HP: 36/38 MP: 6/11
  2176 | D:3      | Reached skill level 1 in Conjurations
  2176 | D:3      | Reached skill level 1 in Hexes
  2176 | D:3      | Reached skill level 1 in Summonings
  2176 | D:3      | Reached skill level 1 in Necromancy
  2176 | D:3      | Reached skill level 1 in Translocations
  2176 | D:3      | Reached skill level 1 in Transmutations
  2176 | D:3      | Reached skill level 1 in Fire Magic
  2176 | D:3      | Reached skill level 1 in Ice Magic
  2176 | D:3      | Reached skill level 1 in Air Magic
  2176 | D:3      | Reached skill level 1 in Earth Magic
  2176 | D:3      | Reached skill level 1 in Poison Magic
  2572 | D:3      | Found a shattered altar of Ashenzari.
  2750 | D:2      | Reached XP level 5. HP: 30/43 MP: 2/12
  2972 | D:3      | Noticed Ijyb
  3024 | D:3      | Killed Ijyb
  3161 | D:3      | Slain by an orc priest

Levels and vault maps discovered:
D:1:      evilmike_arrival_crescent, layout_rooms, minmay_pentomino_p4
D:2:      layout_loops_ring
D:3:      layout_loops_cross, first_ration, nicolae_ashenzari_panopticon,
          uniq_ijyb

Skill      XL: |  1  2  3  4 |
---------------+-------------+-----
Spellcasting   | 5 |  5.2
Invocations    | 1 |  1.6
Short Blades   | 1 |  1.4
Long Blades    | 1 |  1.4
Axes           | 1 |  1.4
Maces & Flails | 1 |  1.4
Staves         | 1 |  1.4
Slings         | 1 |  1.4
Bows           | 1 |  1.4
Crossbows      | 1 |  1.4
Throwing       | 1 |  1.4
Stealth        | 1 |  1.4
Shields        | 1 |  1.4
Unarmed Combat | 1 |  1.4
Evocations     | 1 |  1.4
Conjurations   | 1 |  1.1
Hexes          | 1 |  1.1
Summonings     | 1 |  1.1
Necromancy     | 1 |  1.1
Translocations | 1 |  1.1
Transmutations | 1 |  1.1
Fire Magic     | 1 |  1.1
Ice Magic      | 1 |  1.1
Air Magic      | 1 |  1.1
Earth Magic    | 1 |  1.1
Poison Magic   | 1 |  1.1
Fighting       | |  4.7
Polearms       | |  4.7
Armour         | |  2.9
Dodging        | |  4.7
Charms         | |  5.5

Action                   |  1- 3 |  4- 6 || total
-------------------------+-------+-------++-------
Melee: Spear             |   119 |    49 ||   168
       Bite              |     6 |     2 ||     8
       Mace              |       |    23 ||    23
 Cast: Infusion          |    16 |     6 ||    22
       Regeneration      |       |     3 ||     3
       Shroud of Golubri |       |     1 ||     1
       Song of Slaying   |       |     1 ||     1
 Stab: Sleeping          |     3 |     1 ||     4
  Eat: Chunk             |     3 |     4 ||     7
Armor: Leather armour    |    10 |    12 ||    22
Dodge: Dodged            |    60 |    60 ||   120
